 Dungeon Crawl Stone Soup version 0.21.1-1-g345015fe64 (webtiles) character file.

48 Oravi the Insei (level 3, 0/26 HPs)
             Began as a Merfolk Transmuter on May 2, 2018.
             Succumbed to an adder's poison
             ... on level 2 of the Dungeon.
             The game lasted 00:04:31 (1170 turns).

Oravi the Insei (Merfolk Transmuter)                Turns: 1170, Time: 00:04:32

Health: 0/26       AC:  4    Str: 10    XL:     3   Next: 72%
Magic:  6/6        EV: 13    Int: 13    God:
Gold:   71         SH:  0    Dex: 14    Spells: 0/6 levels left

rFire    . . .     SeeInvis .     - Unarmed
rCold    . . .     Gourm    .   (no shield)
rNeg     + . .     Faith    .   b - +1 robe
rPois    .         Spirit   .   (no helmet)
rElec    .         Reflect  .   (no cloak)
rCorr    .         Harm     .   k - +0 pair of gloves
MR       .....                  (no boots)
Stlth    +.........             n - amulet of magic regeneration
HPRegen  0.08/turn              f - ring of positive energy
MPRegen  0.35/turn              (no ring)

@: lethally poisoned (0 -> -2), flying, very slightly contaminated
A: change form in water, swift swim, stealthy swim
a: no special abilities


You were on level 2 of the Dungeon.
You were hungry.

You visited 1 branch of the dungeon, and saw 2 of its levels.

You collected 71 gold pieces.

Inventory:

Missiles
 a - 12 arrows
 h - 60 stones (quivered)
Armour
 b - a +1 robe (worn)
 k - a +0 pair of gloves (worn)
Jewellery
 f - a ring of positive energy (left hand)
 g - an uncursed amulet of guardian spirit
 n - an amulet of magic regeneration (around neck)
Scrolls
 e - a scroll of identify
Potions
 i - a potion of might
 j - 2 potions of haste
Books
 c - a book of Changes

   Spells                             Type                      Level
   a - Beastly Appendage              Transmutation                1
   b - Sticks to Snakes               Transmutation                2
   c - Spider Form                    Transmutation/Poison         3
   d - Ice Form                       Ice/Transmutation            4
   e - Blade Hands                    Transmutation                5
Comestibles
 d - 5 rations
 m - 2 chunks of flesh


   Skills:
 - Level 1.1 Fighting
 - Level 2.6 Dodging
 + Level 4.2 Unarmed Combat
 - Level 2.0 Spellcasting
 + Level 4.2 Transmutations


You couldn't memorise any spells.
You knew the following spells:

 Your Spells              Type           Power        Failure   Level  Hunger
a - Beastly Appendage     Tmut           ##....       4%          1    ##.....
b - Sticks to Snakes      Tmut           ##......     7%          2    ###....
c - Spider Form           Tmut/Pois      #.........   32%         3    ####...


Dungeon Overview and Level Annotations

Branches:
Dungeon (2/15)

Altars:


Message History

Okay, then.
As you read the scroll labeled AME WIDAMYCVU, it crumbles to dust.
You feel blessed for a moment.
It was a scroll of remove curse.
There is a lethal amount of poison in your body!
* * * LOW HITPOINT WARNING * * *
You feel sick.
Your transformation has ended.
Your +0 pair of gloves unmelds from your body.
Your +1 robe unmelds from your body.
* * * LOW HITPOINT WARNING * * *
You feel sick.
* * * LOW HITPOINT WARNING * * *
You feel sick.
* * * LOW HITPOINT WARNING * * *
You feel sick.
* * * LOW HITPOINT WARNING * * *
You feel sick.
* * * LOW HITPOINT WARNING * * *
You feel sick.
You die...

#.#.##.# #.#.##.# #......#
#<. #.#.#..####.#.#
#...........#.# ####
#.#.#..######.# ... #......#
#.#
##.####.##.######.#####.#
.###......(.....@..#........
>..........####.##.........#
K..........# #.##########.#
.####.###### #.##### #
#.....# #####.# #.# #.# #.#


There were no monsters in sight!

Vanquished Creatures
  2 adders (D:2)
  A worm (D:2)
  A dart slug (D:2)
  2 bats
  A giant cockroach (D:1)
  2 goblins
  5 hobgoblins
  3 kobolds (D:2)
  2 ball pythons
  A frilled lizard (D:1)
  4 rats
24 creatures vanquished.

Notes
Turn   | Place    | Note
-------+----------+-------------------------------------------
     0 | D:1      | Oravi the Merfolk Transmuter began the quest for the Orb.
     0 | D:1      | Reached XP level 1. HP: 15/15 MP: 3/3
   308 | D:1      | Reached XP level 2. HP: 21/21 MP: 3/5
   898 | D:2      | Reached XP level 3. HP: 14/26 MP: 6/6
   937 | D:2      | Learned a level 2 spell: Sticks to Snakes
   941 | D:2      | Learned a level 3 spell: Spider Form
  1166 | D:2      | HP: 1/26 [poisoned by an adder]
  1170 | D:2      | Succumbed to an adder's poison

Skill      XL: |  1  2  3 |
---------------+----------+-----
Transmutations | 3 4 |  4.2
Unarmed Combat | 4 |  4.2
Fighting       | |  1.1
Dodging        | |  2.6
Spellcasting   | |  2.0

Action                   || total
-------------------------++-------
Melee: Unarmed           ||    81
       Headbutt          ||     8
       Punch             ||     1
 Cast: Beastly Appendage ||    15
       Spider Form       ||     3
  Use: Scroll            ||     7
       Potion            ||     1
 Stab: Sleeping          ||     1
  Eat: Chunk             ||     1
Armor: Robe              ||    16
Dodge: Dodged            ||    56
